 Dungeon Crawl Stone Soup version 0.19.1-1-g22dce08 (console) character file.

293 Grinner the Ducker (level 6, -1/51 HPs)
             Began as a Minotaur Monk on Jan 16, 2017.
             Was a Priest of Qazlal.
             Slain by a ball python (2 damage)
             ... in a sewer.
             The game lasted 00:17:22 (2072 turns).

Grinner the Ducker (Minotaur Monk)                  Turns: 2072, Time: 00:17:22

Health: -1/51      AC:  2    Str: 16    XL:     6   Next: 11%
Magic:  2/6        EV: 12    Int:  7    God:    Qazlal [***...]
Gold:   156        SH:  4    Dex: 14    Spells: 0 memorised, 5 levels left

rFire  . . .     SeeInvis .     a - +0 falchion
rCold  + . .     Gourm    .     b - +0 robe
rNeg   . . .     Faith    .     (no shield)
rPois  .         Spirit   .     (helmet restricted)
rElec  .         Reflect  .     (no cloak)
rCorr  .         Harm     .     (no gloves)
MR     .....                    (no boots)
Stlth  +.........               (no amulet)
                                (no ring)
                                j - ring of protection from cold

@: constricted
A: retaliatory headbutt, horns 2
a: Upheaval, Elemental Force, Renounce Religion


You were in a sewer.
You worshipped Qazlal.
Qazlal was most pleased with you.
You were not hungry.

You visited 1 branch of the dungeon, and saw 3 of its levels.
You also visited: Sewer.

You collected 156 gold pieces.

Inventory:

Hand Weapons
 a - a +0 falchion (weapon)
Armour
 b - a +0 robe (worn)
Jewellery
 j - a ring of protection from cold (left hand)
Wands
 n - a wand of acid (5/15)
 o - a wand of polymorph (6/24)
Scrolls
 h - a scroll of amnesia
 m - a scroll of remove curse
Comestibles
 c - 5 bread rations
 k - a meat ration


   Skills:
 - Level 3.6 Fighting
 + Level 5.6 Long Blades
 + Level 5.7 Dodging
 - Level 1.5 Stealth
 + Level 2.3 Invocations


You had 5 spell levels left.
You didn't know any spells.

Dungeon Overview and Level Annotations

Branches:
Dungeon (3/15)

Altars:
Qazlal


Innate Abilities, Weirdness & Mutations

You reflexively headbutt those who attack you in melee.
You have a pair of horns on your head.


Message History

Here: a rat The floor.
You hit the ball python. Your headbutt misses the ball python.
The ball python is moderately wounded.
The ball python completely misses you. You block the ball python's attack.
Okay, then.
You aren't carrying any potions.
Okay, then.
You hit the ball python but do no damage.
Your headbutt misses the ball python.
The ball python is moderately wounded.
The ball python closely misses you. The ball python grabs you.
The ball python constricts you. The ball python bites you.
* * * LOW HITPOINT WARNING * * *
The ball python constricts you.
You hit the ball python but do no damage.
Your headbutt misses the ball python.
The ball python is moderately wounded.
The ball python bites you.
You die...

# # ##### ####...## ####
≈ ##......###..######
##≈≈
...............#..#..#≈≈
?.............r#.....#≈≈
†r.r.....r.KrrrS@...#
r)r....≈.r.≈.≈r#.§...#≈≈
.r≈≈.r≈≈≈≈≈≈≈≈≈#..#..#≈≈
≈≈≈.≈≈≈≈≈≈≈≈≈≈≈#### ##≈≈
.≈≈≈≈≈≈≈≈≈≈≈≈≈≈# ≈
K≈≈≈≈≈≈≈≈≈≈≈≈≈≈≈#
≈≈≈≈≈≈≈≈≈≈≈≈≈≈≈#≈#
.≈≈≈K≈≈≈r≈≈≈≈≈≈≈#≈#
..≈...≈≈≈≈≈≈≈≈≈#≈#≈


You could see 3 river rats, a ball python, a kobold and 4 rats.

Vanquished Creatures
  2 orc priests (D:3)
  A hound (Sewer)
  A hound skeleton (D:3)
  8 adders
  4 river rats (Sewer)
  An ooze (D:2)
  2 worms
  A leopard gecko (D:2)
  4 orcs (D:3)
  3 giant cockroaches
  2 goblins (D:1)
  2 hobgoblins
  4 jackals (D:3)
  4 ball pythons
  10 bats
  3 frilled lizards
  9 kobolds
  19 rats
80 creatures vanquished.

Notes
Turn   | Place    | Note
-------+----------+-------------------------------------------
     0 | D:1      | Grinner the Minotaur Monk began the quest for the Orb.
     0 | D:1      | Reached XP level 1. HP: 19/19 MP: 0/0
   124 | D:1      | Reached XP level 2. HP: 26/26 MP: 1/1
   466 | D:2      | Reached XP level 3. HP: 28/31 MP: 2/2
  1400 | D:3      | Found a faded altar of an unknown god.
  1415 | D:3      | HP: 1/31 [orc priest/mace (2)]
  1416 | D:3      | Reached XP level 4. HP: 1/39 MP: 3/3
  1422 | D:3      | Became a worshipper of Qazlal Stormbringer
  1422 | D:3      | Reached * piety under Qazlal
  1422 | D:3      | Reached ** piety under Qazlal
  1522 | D:3      | Reached skill level 5 in Dodging
  1527 | D:3      | Reached *** piety under Qazlal
  1527 | D:3      | Reached skill level 5 in Long Blades
  1539 | D:3      | HP: 1/39 [hobgoblin (3)]
  1640 | D:3      | Reached skill level 1 in Invocations
  1640 | D:3      | Reached XP level 5. HP: 11/45 MP: 4/4
  1807 | D:3      | Found a glowing drain.
  1844 | Sewer    | Entered a sewer
  2068 | Sewer    | Reached XP level 6. HP: 4/51 MP: 6/6
  2069 | Sewer    | HP: 2/51 [ball python (2)]
  2072 | Sewer    | Slain by a ball python

Skill      XL: |  1  2  3  4  5 |
---------------+----------------+-----
Long Blades    | 4 5 |  5.6
Dodging        | 4 5 |  5.7
Invocations    | 1 2 |  2.3
Fighting       | |  3.6
Stealth        | |  1.5

Action                   |  1- 3 |  4- 6 || total
-------------------------+-------+-------++-------
Melee: Falchion          |    52 |    89 ||   141
       Headbutt          |     8 |    21 ||    29
Invok: Upheaval          |       |     2 ||     2
Evoke: Wand              |       |     5 ||     5
  Use: Potion            |     5 |     3 ||     8
       Scroll            |     4 |     6 ||    10
 Stab: Sleeping          |     8 |       ||     8
  Eat: Chunk             |     2 |     2 ||     4
Armor: Robe              |    11 |    11 ||    22
Dodge: Dodged            |    36 |    86 ||   122
Block: Other             |       |    23 ||    23
       Rpst.: Falchion   |     4 |    18 ||    22
